 Dungeon Crawl Stone Soup version 0.24-a0-378-g94936e539c (webtiles) character file.

Game seed: 6580007533816854599

329 theanonym the Poker (level 6, -5/44 HPs)
             Began as a Mummy Warper on June 1, 2019.
             Killed from afar by an orc wizard (9 damage)
             ... with a puff of flame
             ... on level 3 of the Dungeon.
             The game lasted 00:04:53 (4016 turns).

theanonym the Poker (Mummy Warper)                  Turns: 4016, Time: 00:04:53

Health: -5/44      AC: 10    Str: 16    XL:     6   Next: 25%
Magic:  10/10      EV:  2    Int: 13    God:
Gold:   103        SH:  7    Dex: 11    Spells: 10/10 levels left

rFire    x . .     SeeInvis .   a - +1 spear
rCold    + . .     Gourm    .   g - +0 shield
rNeg     + + +     Faith    .   f - +0 plate armour
rPois    ∞         Spirit   .   (no helmet)
rElec    .         Reflect  .   (no cloak)
rCorr    .         Harm     .   (no gloves)
MR       .....                  (no boots)
Stlth    ..........             (no amulet)
HPRegen  0.14/turn              c - ring of flight
MPRegen  0.12/turn              (no ring)

@: no status effects
A: no food or potions, fire vulnerability, cold resistance 1, negative energy
resistance 3, torment resistance, unbreathing
a: Evoke Flight


Innate Abilities, Weirdness & Mutations

You do not eat or drink.
Your flesh is vulnerable to fire.
You are immune to poison.
Your flesh is cold resistant. (rC+)
You are immune to negative energy. (rN+++)
You are immune to unholy pain and torment.
You can survive without breathing.


   Skills:
 - Level 2.1 Fighting
 + Level 5.3 Polearms
 - Level 0.9 Throwing
 - Level 1.0 Armour
 - Level 1.6 Dodging
 - Level 2.8 Spellcasting
   Level 2.4 Translocations


You had 10 spell levels left.
You didn't know any spells.
Your spell library contained the following spells:

 Spells                   Type           Power        Failure   Level  Hunger
 Blink                    Tloc           N/A          100%        2    N/A
 Shroud of Golubria       Chrm/Tloc      #.........   100%        2    N/A
 Gell's Gravitas          Tloc           #.........   100%        3    N/A
 Lesser Beckoning         Tloc           #.........   100%        3    N/A
 Teleport Other           Tloc           #.......     100%        3    N/A
 Passage of Golubria      Tloc           N/A          100%        4    N/A

Skill      XL: |  1  2  3  4  5 |
---------------+----------------+-----
Armour         | 1 |  1.0
Polearms       | 2 3 4 5 |  5.3
Fighting       | |  2.1
Throwing       | |  0.9
Dodging        | |  1.6
Spellcasting   | |  2.8
Translocations | |  2.4

Action                   |  1- 3 |  4- 6 || total
-------------------------+-------+-------++-------
Melee: Spear             |   173 |   326 ||   499
Throw: Boomerang         |       |     7 ||     7
  Use: Scroll            |     2 |       ||     2
Armor: Leather armour    |    12 |       ||    12
       Plate armour      |    55 |   237 ||   292
Dodge: Dodged            |    43 |    12 ||    55
Block: Shield            |    28 |   104 ||   132

Inventory:

Hand Weapons
 a - a +1 spear (weapon)
Missiles
 d - 4 silver boomerangs (quivered)
Armour
 b - a +0 leather armour
 f - a +0 plate armour (worn)
 g - a +0 shield (worn)
Jewellery
 c - a ring of flight (left hand)
 h - a cursed amulet of inaccuracy {unknown}
Scrolls
 e - a scroll of immolation {unknown}
 B - a scroll of blinking


You were on level 3 of the Dungeon.
You were not hungry.

You visited 1 branch of the dungeon, and saw 4 of its levels.

You collected 103 gold pieces.

Dungeon Overview and Level Annotations

Branches:
Dungeon (4/15)
 Temple: D:4-7

Altars:
Elyvilon

####################
................@{>#
###############.##.#
####### #.##.#
......# #.##.#
......# #.##.#
......# #.##.#
......# #.##.#
####..# #.##.# ##.#
######.##.#


There were no monsters in sight!

Notes
Turn   | Place    | Note
-------+----------+-------------------------------------------
     0 | D:1      | theanonym the Mummy Warper began the quest for the Orb.
     0 | D:1      | Reached XP level 1. HP: 16/16 MP: 4/4
    42 | D:1      | HP: 7/16 [hobgoblin (2)]
   245 | D:1      | Reached skill level 1 in Armour
   283 | D:1      | Reached XP level 2. HP: 20/22 MP: 5/5
   448 | D:1      | Reached skill level 2 in Polearms
  1062 | D:2      | Reached XP level 3. HP: 22/27 MP: 7/7
  1353 | D:2      | Reached skill level 3 in Polearms
  1426 | D:2      | Reached XP level 4. HP: 23/33 MP: 8/8
  1834 | D:2      | Found a white marble altar of Elyvilon.
  2143 | D:3      | Reached skill level 4 in Polearms
  2143 | D:3      | Reached XP level 5. HP: 19/38 MP: 9/9
  2144 | D:3      | HP: 18/38 [adder (1)]
  2474 | D:2      | HP: 18/38 [orc wizard/puff of frost (4)]
  2480 | D:3      | HP: 18/38 [orc/+0 hand axe (1)]
  2493 | D:3      | HP: 15/38 [orc/+0 mace (2)]
  2505 | D:3      | HP: 14/38 [orc/+0 hand axe (1)]
  3024 | D:3      | Noticed Natasha
  3044 | D:3      | Killed Natasha
  3140 | D:3      | Noticed Natasha
  3168 | D:3      | Killed Natasha
  3168 | D:3      | Reached skill level 5 in Polearms
  3168 | D:3      | Reached XP level 6. HP: 26/44 MP: 10/10
  3452 | D:3      | Noticed Natasha
  3478 | D:3      | Killed Natasha
  3769 | D:3      | HP: 17/44 [orc wizard/magic dart (8)]
  4000 | D:3      | HP: 17/44 [something/magic dart (6)]
  4006 | D:3      | HP: 13/44 [something (3)]
  4009 | D:3      | HP: 3/44 [something/puff of flame (10)]
  4016 | D:3      | Killed from afar by an orc wizard

Vanquished Creatures
  A bullfrog zombie (D:3)
  2 orc wizards
  Natasha (thrice) (D:3)
  7 adders
  4 oozes
  A dart slug (D:2)
  2 leopard geckos (D:2)
  5 orcs (D:3)
  4 giant cockroaches (D:3)
  7 goblins
  8 hobgoblins
  2 jackals (D:1)
  12 kobolds
  A quokka (D:2)
  3 ball pythons
  8 bats
  6 frilled lizards
  6 rats
82 creatures vanquished.

Table legend:
 A = Turns spent in this place as a percentage of turns spent in the entire game.
 B = Non-inter-level travel turns spent in this place as a percentage of non-inter-level travel turns spent in the entire game.
 C = Inter-level travel turns spent in this place as a percentage of turns spent in this place.
 D = Turns resting spent in this place as a percentage of non-inter-level travel turns spent in this place.
 E = Turns spent auto-exploring this place as a percentage of non-inter-level travel turns spent in this place.
 F = Non-inter-level travel turns spent in this place divided by the number of levels of this place that you've seen.
                   A       B       C       D       E      F
               +-------+-------+-------+-------+-------+----------------------
         Total | 100.0 | 100.0 |   4.1 |  38.6 |  41.0 | 962.8
       Dungeon | 100.0 | 100.0 |   4.1 |  38.6 |  41.0 | 962.8
               +-------+-------+-------+-------+-------+----------------------
